 Dungeon Crawl Stone Soup version 0.19-a0-1907-gcff654f (webtiles) character file.

121 vev the Insei (level 4, 0/36 HPs)
             Began as a Draconian Transmuter on Oct 21, 2016.
             Succumbed to an adder's poison
             ... on level 3 of the Dungeon.
             The game lasted 00:06:50 (2168 turns).

vev the Insei (Draconian Transmuter)                Turns: 2168, Time: 00:06:50

Health: 0/36       AC:  2    Str: 12    XL:     4   Next: 77%
Magic:  2/7        EV: 20    Int: 23    God:
Gold:   100        SH:  0    Dex: 17    Spells: 2 memorised, 3 levels left

rFire  . . .     SeeInvis .       - Unarmed
rCold  . . .     Gourm    .     (armour unavailable)
rNeg   . . .     Faith    .     (shield currently unavailable)
rPois  x         Spirit   .     (helmet currently unavailable)
rElec  .         Reflect  .     (cloak currently unavailable)
rCorr  .         Harm     .     (gloves currently unavailable)
MR     .....                    (boots currently unavailable)
Stlth  ++........               (no amulet)
                                (no ring)
                                o - +4 ring of intelligence

@: brilliant, lethally poisoned (0 -> -7), spider-form (expiring)
A: unfitting armour, (cold-blooded), AC +5
a: End Transformation


You were on level 3 of the Dungeon.
You were not hungry.
You were a venomous arachnid creature.
You visited 1 branch of the dungeon, and saw 3 of its levels.

You collected 100 gold pieces.

Inventory:

Missiles
 a - 72 arrows
Jewellery
 o - a +4 ring of intelligence (left front leg)
Wands
 m - a wand of random effects (24/48)
Scrolls
 d - 3 scrolls of remove curse
 f - a scroll of identify {unknown}
 i - a scroll of amnesia {unknown}
 j - a scroll of enchant armour {unknown}
Potions
 e - a potion of mutation {unknown}
 h - a potion of lignification {unknown}
 k - a potion of flight {unknown}
 l - a potion of agility {unknown}
Books
 b - a book of Changes

   Spells                             Type                      Level
   a - Beastly Appendage              Transmutation                1
   b - Sticks to Snakes               Transmutation                2
   c - Spider Form                    Transmutation/Poison         3
   d - Ice Form                       Ice/Transmutation            4
   e - Blade Hands                    Transmutation                5
Comestibles
 c - a bread ration
 n - a royal jelly


   Skills:
 + Level 2.1 Fighting
 + Level 2.3 Dodging
 * Level 4.2 Unarmed Combat
 - Level 2.3 Spellcasting
 + Level 2.8 Transmutations


You had 3 spell levels left.
You knew the following spells:

 Your Spells              Type           Power        Failure   Level  Hunger
a - Beastly Appendage     Tmut           ####..       1%          1    None
s - Spider Form           Tmut/Pois      ###.......   6%          3    ###....


Dungeon Overview and Level Annotations

Branches:
Dungeon (3/15)

Altars:
Nemelex Xobeh


Innate Abilities, Weirdness & Mutations

((Your plain brown scales are hard. (AC +5)))
You cannot fit into any form of body armour.
((You are cold-blooded and may be slowed by cold attacks.))


Message History

The adder bites you but does no damage.
You hit the adder but do no damage.
The adder is severely wounded.
The adder barely misses you.
You barely miss the adder.
The adder is severely wounded.
The adder barely misses you.
You barely miss the adder.
The adder is severely wounded.
The adder barely misses you.
Casting: Spider Form
Confirm with . or Enter, or press ? or * to list all spells.
You turn into a venomous arachnid creature.
The adder bites you.
* * * LOW HITPOINT WARNING * * *
You are lethally poisoned!
The adder poisons you! The adder completely misses you.
It was a potion of brilliance.
You feel clever all of a sudden.
You die...

######## ## ####.####..#
.......# .!...##....[...#
.#####.# .....##....# .#
#.# .....##..s.### .#
##.#####...........#####
.#
#.......#####..........#
.#
#...........s##.)......#
.#
#.......####S#.........#
.#
#..........#s#..........
.#
#.......##.#)#......#...
.#
#.....#.##.#.#......#...
.# #........#.#.#......#
. .#
#.....####.#.#......# .#
#..............###..# .#
###.#.####.....###..#
.######.#.# #..........#
........#.####.†...####.#


You could see an adder and a giant cockroach.

Vanquished Creatures
  3 adders (D:2)
  2 oozes
  2 adder zombies (D:1)
  2 dart slugs
  2 leopard geckos
  7 orcs
  10 bats
  3 giant cockroaches
  5 goblins
  8 hobgoblins
  3 frilled lizards
  11 kobolds
  4 rats
62 creatures vanquished.

Notes
Turn   | Place    | Note
-------+----------+-------------------------------------------
     0 | D:1      | vev the Draconian Transmuter began the quest for the Orb.
     0 | D:1      | Reached XP level 1. HP: 16/16 MP: 3/3
    68 | D:1      | Reached XP level 2. HP: 22/23 MP: 3/5
   534 | D:1      | Reached XP level 3. HP: 20/29 MP: 4/6
   629 | D:1      | Reached skill level 2 in Dodging
  1224 | D:2      | Reached XP level 4. HP: 35/36 MP: 5/7
  1376 | D:2      | Reached skill level 4 in Unarmed Combat
  1385 | D:2      | Found a sparkling altar of Nemelex Xobeh.
  1507 | D:2      | Reached skill level 2 in Fighting
  2034 | D:3      | Learned a level 3 spell: Spider Form
  2167 | D:3      | HP: 1/36 [adder (4)]
  2168 | D:3      | Succumbed to an adder's poison

Vault maps used:
D:1:      saegor_arrival_fortress
D:2:      nemelex_dance_club_becter

Skill      XL: |  1  2  3  4 |
---------------+-------------+-----
Dodging        | 2 |  2.3
Unarmed Combat | 4 |  4.2
Fighting       | 2 |  2.1
Spellcasting   | |  2.3
Transmutations | |  2.8

Action                   |  1- 3 |  4- 6 || total
-------------------------+-------+-------++-------
Melee: Unarmed           |   116 |   105 ||   221
       Kick              |     9 |    18 ||    27
       Headbutt          |     3 |     2 ||     5
       Tailslap          |     9 |     9 ||    18
       Punch             |       |     2 ||     2
 Cast: Beastly Appendage |    24 |    14 ||    38
       Spider Form       |       |     2 ||     2
Evoke: Wand              |       |     1 ||     1
  Use: Scroll            |       |     1 ||     1
       Potion            |       |     1 ||     1
 Stab: Sleeping          |     2 |       ||     2
       Confused          |       |     1 ||     1
  Eat: Chunk             |     2 |     3 ||     5
Armor: Skin              |    31 |    25 ||    56
Dodge: Dodged            |    80 |    79 ||   159
